 Dungeon Crawl Stone Soup version 0.28.0-47-ge53b351184 (webtiles) character file.

Game seed: 17121425598805935384

147 GigaChad the Covered (level 5, -7/46 HPs)
             Began as a Minotaur Fighter on May 9, 2022.
             Killed by divine providence
             ... invoked by an orc priest
              (14 damage)
             ... on level 2 of the Dungeon.
             The game lasted 00:04:55 (2625 turns).

GigaChad the Covered (Minotaur Fighter)             Turns: 2625, Time: 00:04:56

Health: -7/46      AC:  9    Str: 22    XL:     5   Next: 8%
Magic:  4/4        EV:  9    Int:  5    God:
Gold:   87         SH:  4    Dex: 10    Spells: 4/4 levels left

rFire   . . .      SeeInvis .   a - +0 long sword
rCold   . . .      Faith    .   c - +0 buckler
rNeg    . . .      Spirit   .   b - +0 scale mail
rPois   .          Reflect  .   (helmet restricted)
rElec   .          Harm     .   (no cloak)
rCorr   .          Rampage  .   k - +1 Delatra's gloves {ID++}
Will    .....                   (no boots)
Stlth   ..........              (no amulet)
HPRegen 0.15/turn               (no ring)
MPRegen 0.09/turn               (no ring)

@: no status effects
A: horns 2, retaliatory headbutt
a: no special abilities


You were on level 2 of the Dungeon.
You visited 1 branch of the dungeon, and saw 2 of its levels.

You collected 87 gold pieces.

Inventory:

Hand Weapons
 a - a +0 long sword (weapon)
Missiles
 g - 4 atropa-tipped darts (quivered)
Armour
 b - a +0 scale mail (worn)
 c - a +0 buckler (worn)
 k - the +1 Delatra's gloves (worn) {ID++}
   (You found it on level 2 of the Dungeon)

   It heals its wearer when they drink unknown potions.
   It restores its wearer's MP when they read unknown scrolls.
Wands
 m - a wand of polymorph (4)
Scrolls
 e - a scroll of acquirement {unknown}
 h - a scroll of amnesia {unknown}
 i - 2 scrolls of identify {unknown}
 l - a scroll of summoning {unknown}
Potions
 d - a potion of might
 f - a potion of flight {unknown}
 j - a potion of heal wounds {unknown}


   Skills:
 + Level 4.2 Fighting
 + Level 3.7 Long Blades
 + Level 4.8 Armour
 + Level 1.0 Dodging
 + Level 0.3 Stealth
 + Level 4.7 Shields


You had 4 spell levels left.
You didn't know any spells.
Your spell library was empty.

Dungeon Overview and Level Annotations

Branches:
Dungeon (2/15)

Altars:
Vehumet

Shops:
D:2 (


Innate Abilities, Weirdness & Mutations

You have a pair of horns on your head.
You reflexively headbutt those who attack you in melee.


Message History

The orc priest calls upon Beogh to heal the orc priest.
The orc priest is healed somewhat.
You barely miss the orc. The orc closely misses you.
The orc priest hits you but does no damage. x2
The orc priest mumbles some strange prayers to Beogh against you.
Beogh smites you! The orc hits you but does no damage.
You block the orc priest's attack.
You barely miss the orc.
The orc priest calls upon Beogh to heal the orc priest.
The orc priest's wounds heal themselves!
The orc priest casts a cantrip, but nothing happens.
The orc hits you but does no damage.
You completely miss the orc. Your headbutt misses the orc.
The orc priest hits you but does no damage.
The orc hits you but does no damage.
The orc priest hits you with a +0 short sword.
The orc priest hits you with a +0 hand axe.
* * * LOW HITPOINT WARNING * * *
You hit the orc.
The orc is moderately wounded.
You block the orc's attack.
The orc priest calls upon Beogh to heal the orc.
The orc's wounds heal themselves!
The orc priest hits you with a +0 hand axe.
* * * LOW HITPOINT WARNING * * *
You slash the orc priest! You headbutt the orc priest.
You kill the orc priest!
The orc hits you but does no damage. The orc priest barely misses you.
You furiously retaliate!
You headbutt the orc priest. The orc hits you but does no damage.
Your Dodging skill increases to level 1!
You have reached level 5!
The orc priest closely misses you. The orc misses you. You furiously retaliate!
You headbutt the orc.
You see here a +0 short sword.
You closely miss the orc priest.
The orc priest is moderately wounded.
The orc priest mumbles some strange prayers to Beogh against you.
Beogh smites you!
You die...

........# ...[....#######....
##############.######..##.8.#....
.......................'.).)')..)
###.......####.#.#####.##.8.#....
#........####.# #..#####....
#........'....# #......#....
#........######+## #......####'
#........# #.....# #........#..
#........# #..o@.# #........#..
#........###....o# #........#..
#........'.'...o.# #........###
##.......###.....# #....).....#
#.......# #.....# #..........#
######### #.....# #......<....
#.....########.......
#.....##.............
#.....##.######......


You could see 2 orc priests and an orc.

Vanquished Creatures
  An orc priest (D:2)
  Terence (D:2)
  An orc wizard (D:2)
  2 adders (D:2)
  2 dart slugs (D:1)
  4 orcs (D:2)
  A bat (D:1)
  6 endoplasms
  2 giant cockroaches (D:1)
  4 goblins
  3 hobgoblins (D:1)
  3 kobolds
  A quokka (D:1)
  4 ball pythons
  3 frilled lizards
  2 rats
40 creatures vanquished.

Notes
Turn   | Place    | Note
-------+----------+-------------------------------------------
     0 | D:1      | GigaChad the Minotaur Fighter began the quest for the Orb.
     0 | D:1      | Reached XP level 1. HP: 19/19 MP: 0/0
   130 | D:1      | Reached XP level 2. HP: 15/27 MP: 1/1
  1157 | D:1      | Reached XP level 3. HP: 23/33 MP: 2/2
  1463 | D:2      | Found the +1 Delatra's gloves {ID++}
  1893 | D:2      | Found a radiant altar of Vehumet.
  2026 | D:2      | Reached XP level 4. HP: 40/40 MP: 3/3
  2122 | D:2      | Noticed Terence
  2129 | D:2      | Killed Terence
  2154 | D:2      | Found Jouheyl's Weapon Shoppe.
  2624 | D:2      | Reached skill level 1 in Dodging
  2624 | D:2      | Reached XP level 5. HP: 7/46 MP: 4/4
  2625 | D:2      | Killed from afar by an orc priest

Illustrated notes

Levels and vault maps discovered:
D:1:      lemuel_arrival_tunnels, layout_basic
D:2:      layout_basic, basic_altar, serial_shops, nicolae_shop_hallway_plus,
          pf_guarded_unrand_delatra, uniq_terence

Skill      XL: |  1  2  3  4 |
---------------+-------------+-----
Armour         | 4 |  4.8
Shields        | 4 |  4.7
Fighting       | 4 |  4.2
Long Blades    | 3 |  3.7
Dodging        | 1 |  1.0
Stealth        | |  0.3

Action                   |  1- 3 |  4- 6 || total
-------------------------+-------+-------++-------
Melee: Long sword        |    69 |    20 ||    89
       Headbutt          |    11 |     1 ||    12
Armor: Scale mail        |    50 |    19 ||    69
Dodge: Dodged            |    49 |    13 ||    62
Block: Buckler           |    31 |     6 ||    37
